 Dungeon Crawl Stone Soup version 0.20.1-1-g8b1a95d (webtiles) character file.

143 empire the Slasher (level 5, 0/45 HPs)
             Began as a Minotaur Fighter on Aug 1, 2017.
             Succumbed to an adder's poison
             ... on level 3 of the Dungeon.
             The game lasted 00:03:29 (2315 turns).

empire the Slasher (Minotaur Fighter)               Turns: 2315, Time: 00:03:30

Health: 0/45       AC:  6    Str: 26    XL:     5   Next: 4%
Magic:  4/4        EV:  9    Int:  5    God:
Gold:   141        SH: 10    Dex: 10    Spells: 4/4 levels left

rFire    . . .     SeeInvis .   a - +0 long sword
rCold    . . .     Gourm    .   c - +0 shield
rNeg     . . .     Faith    .   b - +0 scale mail
rPois    .         Spirit   .   n - +0 hat
rElec    .         Reflect  .   (no cloak)
rCorr    .         Harm     .   (no gloves)
MR       .....                  (no boots)
Stlth    ..........             (no amulet)
Regen    0.2/turn               (no ring)
MPRegen  0.1/turn               (no ring)

@: mighty, lethally poisoned (0 -> -2)
A: retaliatory headbutt, horns 2
a: no special abilities


You were on level 3 of the Dungeon.
You were hungry.

You visited 1 branch of the dungeon, and saw 3 of its levels.

You collected 141 gold pieces.

Inventory:

Hand Weapons
 a - a +0 long sword (weapon)
Armour
 b - a +0 scale mail (worn)
 c - a +0 shield (worn)
 n - a +0 hat (worn)
Jewellery
 m - an uncursed ring of protection from fire {unknown}
 p - an uncursed ring of stealth {unknown}
Wands
 k - a wand of lightning (6/15)
Scrolls
 e - a scroll of immolation {unknown}
 l - a scroll of teleportation {unknown}
 o - a scroll of identify {unknown}
 s - a scroll of enchant armour {unknown}
Potions
 d - a potion of might
 h - 2 potions of mutation {unknown}
 j - 2 potions of agility {unknown}
 q - a potion of brilliance {unknown}
 r - a potion of heal wounds {unknown}
Comestibles
 f - a bread ration
 g - a royal jelly
 i - a meat ration


   Skills:
 - Level 3.6 Fighting
 - Level 5.3 Long Blades
 - Level 3.6 Armour
 + Level 2.9 Dodging
 - Level 3.6 Shields


You had 4 spell levels left.
You didn't know any spells.

Dungeon Overview and Level Annotations

Branches:
Dungeon (3/15)

Altars:
Ashenzari
Elyvilon
Uskayaw

Annotations:
D:3 Grinder


Innate Abilities, Weirdness & Mutations

You reflexively headbutt those who attack you in melee.
You have a pair of horns on your head.


Message History

You hit Grinder but do no damage. Your headbutt misses Grinder.
Grinder hits you but does no damage.
You slash Grinder!
Grinder is lightly wounded.
You feel sick. Grinder gestures at you. Pain shoots through your body!
You feel very mighty all of a sudden. Grinder gestures at you.
Pain shoots through your body!
* * * LOW HITPOINT WARNING * * *
You closely miss Grinder.
Grinder is lightly wounded.
Grinder hits you!
* * * LOW HITPOINT WARNING * * *
Grinder says, "My boss said I was rubbish.
His entrails said otherwise."
Grinder hits you but does no damage.
You slash Grinder!
Grinder is heavily wounded.
You die...

.................#..#........#
.................#..##########
.................#..#
.....รท...........#..#
.................#..#
.................#..#
.................#..#
...........[.....#
................@#
.....(..(......5r#
.................#
.................#
.................# ..........#
#### .........# #... ..(.....#
##.# #.#


You could see Grinder and a quokka.

Vanquished Creatures
  Jessica (D:3)
  4 adders
  3 worms
  2 dart slugs (D:1)
  5 leopard geckos
  3 orcs (D:3)
  4 bats
  2 giant cockroaches
  5 goblins
  5 hobgoblins
  4 jackals (D:3)
  9 kobolds
  A quokka (D:2)
  6 frilled lizards
  8 rats
62 creatures vanquished.

Notes
Turn   | Place    | Note
-------+----------+-------------------------------------------
     0 | D:1      | empire the Minotaur Fighter began the quest for the Orb.
     0 | D:1      | Reached XP level 1. HP: 19/19 MP: 0/0
    54 | D:1      | Reached skill level 3 in Long Blades
    58 | D:1      | Reached XP level 2. HP: 13/26 MP: 1/1
   572 | D:1      | Reached skill level 4 in Long Blades
   910 | D:2      | Reached XP level 3. HP: 14/31 MP: 2/2
  1153 | D:2      | Found a white marble altar of Elyvilon.
  1247 | D:2      | Reached skill level 5 in Long Blades
  1737 | D:3      | Reached XP level 4. HP: 36/39 MP: 3/3
  2022 | D:3      | Noticed Jessica
  2022 | D:3      | Found a shattered altar of Ashenzari.
  2035 | D:3      | Reached skill level 1 in Dodging
  2049 | D:3      | Killed Jessica
  2054 | D:3      | Found a hide-covered altar of Uskayaw.
  2300 | D:3      | Reached XP level 5. HP: 31/45 MP: 4/4
  2306 | D:3      | Noticed Grinder
  2314 | D:3      | HP: 1/45 [Grinder (7)]
  2315 | D:3      | Succumbed to an adder's poison

Skill      XL: |  1  2  3  4 |
---------------+-------------+-----
Long Blades    | 3 4 5 |  5.3
Dodging        | 2 |  2.9
Fighting       | |  3.6
Armour         | |  3.6
Shields        | |  3.6

Action                   |  1- 3 |  4- 6 || total
-------------------------+-------+-------++-------
Melee: Long sword        |   128 |    64 ||   192
       Headbutt          |    23 |     6 ||    29
  Use: Potion            |       |     1 ||     1
  Eat: Chunk             |     2 |     2 ||     4
Armor: Scale mail        |    59 |    22 ||    81
Dodge: Dodged            |    38 |    13 ||    51
Block: Shield            |    65 |    38 ||   103
       Rpst.: Long sword |    15 |     2 ||    17
